 Dungeon Crawl Stone Soup version 0.28.0-53-g5a82cb258f (webtiles) character file.

Game seed: 877297273649849739

1745 dozzold the Grappler (level 8, 0/80 HPs)
             Began as a Troll Monk on May 29, 2022.
             Was a Priest of Wu Jian.
             Slain by a killer bee (7 damage)
             ... on level 7 of the Dungeon.
             The game lasted 00:22:50 (4855 turns).

dozzold the Grappler (Troll Monk)                   Turns: 4855, Time: 00:22:51

Health: 0/80       AC:  5    Str: 26    XL:     8   Next: 77%
Magic:  7/7        EV: 11    Int:  6    God:    Wu Jian [***...]
Gold:   371        SH:  0    Dex: 12    Spells: 7/7 levels left

rFire   . . .      SeeInvis .     - Unarmed
rCold   . . .      Faith    .   (no shield)
rNeg    . . .      Spirit   .   a - +1 robe
rPois   .          Reflect  .   (helmet restricted)
rElec   .          Harm     .   (no cloak)
rCorr   .          Rampage  .   (gloves unavailable)
Will    .....                   (boots unavailable)
Stlth   ++........              o - amulet of magic regeneration
HPRegen 1.03/turn               g - ring of fire
MPRegen 0.50/turn               l - ring of ice

@: lethally poisoned (0 -> -3), exhausted
A: large, unfitting armour, claws 3, regeneration 1, shaggy fur 1, tough skin 1,
strong 2
a: Renounce Religion, Wall Jump, Serpent's Lash


You were on level 7 of the Dungeon.
You worshipped Wu Jian.
Wu Jian was most pleased with you.
You visited 1 branch of the dungeon, and saw 7 of its levels.

You collected 371 gold pieces.

Inventory:

Armour
 a - a +1 robe (worn)
 e - an orb of guile
Magical Staves
 w - a staff of fire
Jewellery
 g - a ring of fire (left claw)
 l - a ring of ice (right claw)
 o - an amulet of magic regeneration (around neck)
 s - a ring of positive energy
 v - a ring of resist corrosion
Wands
 b - a wand of digging (4)
Scrolls
 c - a scroll of summoning {unknown}
 f - a scroll of immolation {unknown}
 i - 2 scrolls of enchant armour
 j - a scroll of noise {unknown}
 k - 4 scrolls of identify
 m - 2 scrolls of magic mapping {unknown}
 q - a scroll of fog {unknown}
 r - 5 scrolls of teleportation
 t - a scroll of brand weapon {unknown}
 u - a scroll of fear {unknown}
 y - a scroll of holy word {unknown}
Potions
 d - 2 potions of magic
 n - a potion of attraction {unknown}
 p - a potion of brilliance {unknown}
 x - a potion of resistance {unknown}


   Skills:
 * Level 5.0 Fighting
 + Level 4.5 Dodging
 + Level 2.6 Stealth
 + Level 8.4 Unarmed Combat


You had 7 spell levels left.
You didn't know any spells.
Your spell library contained the following spells:

 Spells                   Type           Power      Damage    Failure   Level
 Summon Small Mammal      Summ           0%         N/A       45%         1
 Blink                    Tloc           0%         N/A       58%         2
 Call Canine Familiar     Summ           0%         N/A       83%         3
 Summon Guardian Golem    Hex/Summ       0%         N/A       83%         3
 Alistair's Intoxication  Tmut/Pois      0%         N/A       100%        5
 Borgnjor's Vile Clutch   Necr/Erth      0%         N/A       100%        5
 Manifold Assault         Tloc           0%         N/A       100%        5
 Eringya's Noxious Bog    Tmut/Pois      0%         N/A       100%        6
 Storm Form               Tmut/Air       0%         N/A       100%        7


Dungeon Overview and Level Annotations

Branches:
Dungeon (7/15)             Temple (0/1) D:5

Altars:
Elyvilon
Fedhas
Gozag
Hepliaklqana
Nemelex Xobeh
Qazlal
Ru
Sif Muna
Uskayaw
Vehumet
Wu Jian

Shops:
D:3 ?   D:7 =


Innate Abilities, Weirdness & Mutations

You are too large for most types of armour.
You have claws for hands.
Your natural rate of healing is unusually fast.
You are covered in fur. (AC +1)
You have tough skin. (AC +1)
Your muscles are very strong. (Str +4)


Message History

You are poisoned.
The killer bee poisons you!
As you read the scroll labelled ZOYRID HYHUBB, it crumbles to dust.
It is a scroll of enchant armour.
Your +0 robe glows green for a moment.
You feel sick. The killer bee stings you.
* * * LOW HITPOINT WARNING * * *
The killer bee stings you.
* * * LOW HITPOINT WARNING * * *
You are more poisoned.
The killer bee poisons you!
The killer bee stings you but does no damage.
You feel much better.
You feel very sick.
The killer bee stings you but does no damage.
The killer bee closely misses you. x2; The killer bee stings you.
The killer bee barely misses you. The killer bee stings you.
* * * LOW HITPOINT WARNING * * *
Okay, then.
As you read the scroll labelled RYSE SUILIF, it crumbles to dust.
You feel strangely unstable.
It was a scroll of teleportation.
You feel very sick. The killer bee misses you.
The killer bee barely misses you. x2
The killer bee stings you but does no damage.
The killer bee barely misses you. x2
Unknown command.
As you read the scroll of teleportation, it crumbles to dust.
You feel strangely stable.
You feel very sick. The killer bee stings you.
* * * LOW HITPOINT WARNING * * *
You are more poisoned.
The killer bee poisons you! The killer bee barely misses you. x2
The killer bee closely misses you. The killer bee barely misses you.
The killer bee stings you.
* * * LOW HITPOINT WARNING * * *
You feel very sick.
You feel very sick. The killer bee stings you!
You die...

.........####..#..#######
####...#.# #.........[..
........).# #..#.###.####
........#.####..#.###.....
..........................
.............#..#.#####...
....................##...
......#.....#..#.##..#... ##
####.#y@.#...>......'... .
#....y.y.#....#.###.#...
#.#.##.#.................. ##
..###.#†##.#........#.####....
..........y...................#..
#...#<..#..#..............#....#
#..######..##.............+.....
.#..$............#.#.......#.....
............#####....#.....#.....


You could see 3 killer bees.

Vanquished Creatures
  Prince Ribbit (D:4)
  Eustachio (D:5)
  A sky beast (D:4)
  An ice beast (D:5)
  2 ogres
  A centaur (D:5)
  2 scorpions
  2 killer bees (D:7)
  2 howler monkeys (D:6)
  5 hounds
  3 jellies
  2 orc priests
  2 iguanas (D:5)
  5 orc wizards
  A killer bee zombie (D:7)
  8 adders
  A shadow imp (D:5)
  2 white imps
  2 worms (D:2)
  2 dart slugs
  22 orcs
  6 ball pythons
  7 endoplasms
  4 giant cockroaches
  3 hobgoblins
  5 kobolds
  2 quokkas (D:3)
  7 bats
  6 frilled lizards
  6 goblins
  A quokka skeleton (D:4)
  3 rats
118 creatures vanquished.

Vanquished Creatures (others)
  A fungus (D:3)
  5 plants (D:3)
6 creatures vanquished.

Grand Total: 124 creatures vanquished

Notes
Turn   | Place    | Note
-------+----------+-------------------------------------------
     0 | D:1      | dozzold the Troll Monk began the quest for the Orb.
     0 | D:1      | Reached XP level 1. HP: 22/22 MP: 0/0
   152 | D:1      | Reached XP level 2. HP: 17/29 MP: 1/1
   715 | D:2      | Reached XP level 3. HP: 36/36 MP: 2/2
   819 | D:2      | Reached XP level 4. HP: 27/45 MP: 3/3
   831 | D:2      | Reached skill level 4 in Unarmed Combat
  1469 | D:3      | Found Wuixaar's Magic Scroll Boutique.
  1526 | D:3      | Reached XP level 5. HP: 53/53 MP: 4/4
  1767 | D:3      | Found a shimmering blue altar of Sif Muna.
  1903 | D:3      | Found an ornate altar of the Wu Jian Council.
  2064 | D:3      | Found a faded altar of an unknown god.
  2123 | D:3      | Became a worshipper of the Wu Jian Council
  2123 | D:3      | Reached * piety under Wu Jian
  2123 | D:3      | Reached ** piety under Wu Jian
  2217 | D:4      | Noticed an ogre
  2220 | D:4      | Killed an ogre
  2221 | D:4      | Reached skill level 5 in Unarmed Combat
  2221 | D:4      | Reached XP level 6. HP: 61/61 MP: 5/5
  2362 | D:4      | Found a radiant altar of Vehumet.
  2378 | D:4      | Gained mutation: You have hidden genetic potential. [potion
                  | of mutation]
  2468 | D:4      | Found a blossoming altar of Fedhas.
  2516 | D:4      | Found a stormy altar of Qazlal.
  2560 | D:4      | Noticed a sky beast
  2569 | D:4      | Killed a sky beast
  2570 | D:4      | Reached skill level 6 in Unarmed Combat
  2570 | D:4      | Reached XP level 7. HP: 44/68 MP: 6/6
  2707 | D:4      | Found a sacrificial altar of Ru.
  2737 | D:4      | Found a hazy altar of Hepliaklqana.
  2802 | D:4      | Found a sparkling altar of Nemelex Xobeh.
  2803 | D:4      | Found an opulent altar of Gozag.
  2864 | D:5      | Entered Level 5 of the Dungeon
  2864 | D:5      | Noticed Prince Ribbit
  2882 | D:4      | Killed Prince Ribbit
  2899 | D:4      | Gained mutation: Your muscles are strong. (Str +2) [hidden
                  | potential]
  2953 | D:5      | Found a staircase to the Ecumenical Temple.
  3080 | D:5      | Noticed Eustachio
  3093 | D:5      | Killed Eustachio
  3094 | D:5      | Reached skill level 7 in Unarmed Combat
  3094 | D:5      | Reached XP level 8. HP: 75/79 MP: 7/7
  3184 | D:5      | Identified the +4 trident of Sequestration {holy, Str+3
                  | Int+4}
  3453 | D:5      | Gained mutation: Your muscles are very strong. (Str +4)
                  | [hidden potential]
  3453 | D:5      | Lost mutation: You have hidden genetic potential. [hidden
                  | potential expressed]
  3906 | D:6      | Reached skill level 8 in Unarmed Combat
  3924 | D:6      | Found a hide-covered altar of Uskayaw.
  3963 | D:6      | Reached *** piety under Wu Jian
  4056 | D:6      | Found a white marble altar of Elyvilon.
  4517 | D:7      | Found Icobip's Jewellery Shoppe.
  4821 | D:7      | Reached skill level 5 in Fighting
  4842 | D:7      | HP: 3/80 [killer bee (7)]
  4855 | D:7      | Slain by a killer bee

Illustrated notes

Levels and vault maps discovered:
D:1:      ncdulo_watergridlock, layout_rooms
D:2:      cheibrodos_pilgrimage, layout_rooms
D:3:      minmay_spotlight, layout_loops_ring,
          nicolae_wu_jian_immortal_techniques, lemuel_blue_sif_altar,
          shapermc_ecumenical_altar_mp_urbaneastern, serial_shops, shop,
          chequers_serial_rivers_small_a
D:4:      layout_rooms, grunt_temple_overflow_opulence,
          mainiacjoe_overflow_alcove_4, nicolae_overflow_hidden_temple,
          amcnicky_altar_gilded
D:5:      layout_cave_pods, temple_statues, uniq_prince_ribbit1, uniq_eustachio
D:6:      layout_cave_pools, eat_drink_and_be_merry_uskayaw, elyvilon_altar_3
D:7:      layout_basic, serial_shops, nicolae_shop_trees, uniq_harold

Skill      XL: |  1  2  3  4  5  6  7  8 |
---------------+-------------------------+-----
Fighting       | 3 4 5 |  5.0
Dodging        | 3 4 |  4.5
Unarmed Combat | 4 5 6 7 8 |  8.4
Stealth        | 2 |  2.6

Action                   |  1- 3 |  4- 6 |  7- 9 || total
-------------------------+-------+-------+-------++-------
Melee: Unarmed           |    66 |   168 |   132 ||   366
       Punch             |     2 |     7 |     5 ||    14
Invok: Lunge             |       |     7 |     6 ||    13
       Whirlwind         |       |       |     2 ||     2
       Serpent's Lash    |       |       |     1 ||     1
 Abil: Wall Jump         |       |       |     5 ||     5
  Use: Scroll            |       |     3 |     3 ||     6
       Potion            |       |     3 |     6 ||     9
 Stab: Sleeping          |     1 |     6 |     1 ||     8
Armor: Robe              |    15 |    34 |    28 ||    77
       Skin              |       |       |    11 ||    11
Dodge: Dodged            |    32 |    42 |    76 ||   150
